 Dungeon Crawl Stone Soup version 0.31-a0-986-g5e6e4ef867 (webtiles) character file.

Game seed: 18107743210319087884

6015 Zonian the Thaumaturge (level 10, -5/50 HPs)
             Began as a Deep Elf Conjurer on Nov 19, 2023.
             Was an Initiate of Gozag.
             Slain by a cane toad (20 damage)
             ... on level 1 of the Lair of Beasts.
             The game lasted 00:34:57 (12049 turns).

Zonian the Thaumaturge (Deep Elf Conjurer)         Turns: 12049, Time: 00:34:58

Health: -5/50      AC:  6    Str:  4    XL:     10   Next: 56%
Magic:  15/24      EV: 12    Int: 28    God:    Gozag
Gold:   583        SH:  7    Dex: 13    Spells: 9/26 levels left

rFire   + . .        g - +5 dagger (venom) {short}
rCold   . . .        x - +3 buckler
rNeg    + . .        o - +3 leather armour {rF+}
rPois   .            (no helmet)
rElec   .            (no cloak)
rCorr   +            (no gloves)
SInv    .            (no boots)
Will    +....        r - amulet of magic regeneration {@e2}
Stlth   ++++         p - ring of resist corrosion
HPRegen 0.28/turn    i - ring of positive energy
MPRegen 0.59/turn

%: no passive effects
@: gold aura
A: no striking features
a: Renounce Religion, Potion Petition, Call Merchant, Bribe Branch


You were on level 1 of the Lair of Beasts.
You worshipped Gozag.
Gozag was pleased with you.
You visited 3 branches of the dungeon, and saw 10 of its levels.

You collected 966 gold pieces.
You spent 284 gold pieces at shops.
You paid 99 gold pieces to Gozag.


   Skills:
 - Level 3.9 Short Blades
 - Level 7.7 Dodging
 - Level 8.3 Stealth
 - Level 1.9 Shields
 + Level 8.5 Spellcasting
 + Level 8.0 Conjurations
 + Level 7.3 Hexes
 + Level 5.7 Translocations
 + Level 4.2 Air Magic


You had 9 spell levels left.
You knew the following spells:

 Your Spells              Type           Power      Damage    Failure   Level
a - Magic Dart            Conj           100%       1d8       1%          1
b - Searing Ray           Conj           100%       2d8       1%          2
c - Dazzling Flash        Conj/Hex       100%       N/A       1%          3
d - Fulminant Prism       Conj/Hex       26%        3d13      7%          4
e - Iskenderun's Mystic   Conj/Tloc      50%        2d11      10%         4
f - Swiftness             Air            36%        N/A       9%          3

Your spell library contained the following spells:

 Spells                   Type           Power      Damage    Failure   Level
 Shock                    Conj/Air       100%       1d9       1%          1
 Airstrike                Air            18%        2d(3-19)  26%         4

Inventory:

Hand Weapons
 b - a +0 dagger {short}
   (You took it off a kobold on level 1 of the Dungeon)
 c - a +0 club {mace}
   (You took it off a kobold on level 1 of the Dungeon)
 d - a +1 short sword of venom {short}
   (You took it off a kobold on level 8 of the Dungeon)
 g - a +5 dagger of venom (weapon) {short}
   (You took it off a goblin on level 3 of the Dungeon)
 q - a +1 short sword of draining {short}
   (You took it off Duvessa on level 4 of the Dungeon)
Missiles
 j - 2 throwing nets {=f!fthrowing}
 m - 3 poisoned darts {throwing}
Armour
 a - a +0 robe
 o - a +3 leather armour of fire resistance (worn)
   (You took it off Duvessa on level 4 of the Dungeon)
 x - a +3 buckler (worn)
   (You found it on level 6 of the Dungeon)
Jewellery
 i - a ring of positive energy (right hand)
   (You bought it in a shop on level 8 of the Dungeon)
 p - a ring of resist corrosion (left hand)
   (You found it on level 3 of the Dungeon)
 r - an amulet of magic regeneration (around neck) {@e2}
   (You found it on level 3 of the Dungeon)
Wands
 y - a wand of digging (4)
   (You found it on level 7 of the Dungeon)
 B - a wand of charming (2)
   (You found it on level 7 of the Dungeon)
 C - a wand of flame (18)
   (You took it off a wight on level 7 of the Dungeon)
Scrolls
 e - a scroll of amnesia
 f - a scroll of revelation
 l - 2 scrolls of enchant weapon
 n - 2 scrolls of teleportation {@r4}
 A - 2 scrolls of vulnerability {!r!r}
 E - a scroll of fog
Potions
 h - a potion of attraction {!q}
 k - 4 potions of curing {@q1}
 s - a potion of enlightenment
 t - a potion of cancellation
 v - 2 potions of ambrosia {unknown}
 z - a potion of haste {unknown}

Dungeon Overview and Level Annotations

Branches:
Dungeon (8/15) Zot: 24500  Temple (1/1) D:6 Zot: 5948    Lair (1/5) D:8 Zot: 5520

Altars:
Ashenzari
Cheibriados
Dithmenos
Elyvilon
Fedhas
Gozag
Hepliaklqana
Kikubaaqudgha
Makhleb
Nemelex Xobeh
Okawaru
Qazlal
Ru
Sif Muna
Trog
Uskayaw
Wu Jian
Xom
Yredelemnul
Zin
The Shining One

Shops:
D:2 (   D:3 =   D:5 !   D:8 *=:[*

Annotations:
D:3 1 exclusion, Grinder
D:4 Ijyb

##...............,,,,,,
##...............,,,,,,
##..###.##.......,,,,,,
##.###..###......,,,,,,
##.####.##.......,,,,,,
##.###F..##.....#*,***,
##.###...#......#,,,,,,
##..##...##......,,,,,,
#....@F###......,,,,,,
#.###.$.........,,,,,,
#.# #..###.....#,,,,,,
#.# #### *,....#**,*,*
#.#######*,,....,,,,,,
#........,,,,...,,,,,,
#.....>..,,,,,..,,,,,,
#........,,,,,,.,,,,,,
##........,,,,,,,,,,,,,


You could see a cane toad and a blink frog.


Message History

😕 MP[+1]
Your mp is fully restored (24).
Unknown command.
You now have 583 gold pieces (gained 4). 😕 HP[+1]
You start resting. 😎 HP[+3]
Your hp is fully restored (50).
You start waiting.
Done waiting.
You start waiting.
A blink frog is nearby!
Unknown command.
The magic dart hits the blink frog.
The blink frog blinks! 😎 MP[-1]
You lost 1 mp, and now have 23/24 mp.
Unknown command.
You start resting.
A blink frog comes into view. 😎 MP[+1]
Your mp is fully restored (24).
Unknown command.
Casting: Magic Dart (safe; 1% risk of failure)
Confirm with . or Enter, or press ? or * to list all spells.
Aiming: Searing Ray (safe; 1% risk of failure)
Press: ? - help, Shift-Dir - straight line, f/p - blink frog
Aim: a blink frog (lightly wounded, 70% to hit)
The searing ray misses the blink frog. (Press . to maintain the ray.)
The blink frog croaks.
You hear a croak.
The blink frog blinks!
The blink frog hits you! 😕 HP[-12] MP[-2]
You take 12 damage, and now have 38/50 hp.
MASSIVE DAMAGE!! (PAUSE)
You lost 2 mp, and now have 22/24 mp.
The searing ray hits the blink frog.
The cane toad gives a loud, deep croak!
The blink frog barely misses you.
Unknown command.
The searing ray hits the blink frog.
The blink frog hits you!
The blink frog blinks! x2 😮 HP[-11]
You take 11 damage, and now have 27/50 hp.
MASSIVE DAMAGE!! (PAUSE) Unknown command.
The blink frog blinks! 😮 HP[+1] MP[+1] Unknown command.
Casting: Searing Ray (safe; 1% risk of failure)
Confirm with . or Enter, or press ? or * to list all spells.
Aiming: Searing Ray (safe; 1% risk of failure)
Press: ? - help, Shift-Dir - straight line, f - blink frog
Aim: a blink frog (70% to hit)
The searing ray hits the blink frog.
The searing ray hits the blink frog! (Press . to maintain the ray.)
The blink frog barely misses you. 😮 MP[-2]
You lost 2 mp, and now have 21/24 mp.
Unknown command.
The searing ray misses the blink frog.
The searing ray hits the blink frog!
The blink frog hits you.
The blink frog blinks! x2 😮 HP[-1]
You take 1 damage, and now have 27/50 hp.
Unknown command.
The blink frog attacks as it pursues you!
The blink frog hits you. You block the blink frog's attack.
The blink frog hits you!
* * * LOW HITPOINT WARNING * * *
😱 HP[-16] MP[+1]
You take 16 damage, and now have 11/50 hp.
MASSIVE DAMAGE!! (PAUSE)
You feel much better. The blink frog hits you. The blink frog hits you!
* * * LOW HITPOINT WARNING * * *
The blink frog blinks!
The blink frog barely misses you. 😨 HP[+4]
You regained 4 hp, and now have 15/50 hp.
Unknown command.
Casting: Searing Ray (safe; 1% risk of failure)
Confirm with . or Enter, or press ? or * to list all spells.
You erupt in a blast of force!
The mystic blast hits the blink frog!!
The blink frog is knocked back by the mystic blast.
The blink frog slams into the rock wall!
You kill the blink frog!
The mystic blast hits the cane toad!
The cane toad is knocked back by the mystic blast.
The cane toad slams into the rock wall!
Your Conjurations skill increases to level 8! 😨 MP[-3]
You lost 3 mp, and now have 19/24 mp.
Unknown command.
Casting: Iskenderun's Mystic Blast (dangerous; 10% risk of failure)
Confirm with . or Enter, or press ? or * to list all spells.
You erupt in a blast of force!
The mystic blast hits the blink frog!
The blink frog is knocked back by the mystic blast.
The blink frog slams into the rock wall!
The mystic blast hits the cane toad!
The cane toad is knocked back by the mystic blast.
The cane toad slams into the rock wall!
The cane toad stings you!!
You die...
Your body crumbles into a pile of gold.

Skill      XL: |  1  2  3  4  5  6  7  8  9 10 |
---------------+-------------------------------+-----
Stealth        | 3 4 5 6 7 8 |  8.3
Dodging        | 3 4 5 6 7 |  7.7
Hexes          | 1 2 3 4 5 6 7 |  7.3
Spellcasting   | 4 5 6 7 8 |  8.5
Conjurations   | 5 6 7 8 |  8.0
Translocations | 1 3 4 5 |  5.7
Air Magic      | 2 3 4 |  4.2
Short Blades   | 1 3 |  3.9
Shields        | 1 |  1.9

Action                     |  1- 3 |  4- 6 |  7- 9 | 10-12 || total
---------------------------+-------+-------+-------+-------++-------
  Melee: Dagger            |     1 |    30 |    17 |    10 ||    58
         Punch             |       |     1 |       |       ||     1
  Throw: Throwing net      |       |       |       |     1 ||     1
   Cast: Magic Dart        |    68 |    83 |   172 |    20 ||   343
         Searing Ray       |     3 |    15 |    43 |    27 ||    88
         Dazzling Flash    |       |     1 |       |       ||     1
         Iskenderun's Myst |       |       |       |     2 ||     2
  Evoke: Wand              |       |       |     6 |     4 ||    10
    Use: Potion            |     1 |     2 |       |     3 ||     6
         Scroll            |       |    11 |     4 |    10 ||    25
   Stab: Sleeping          |     1 |     2 |     1 |     2 ||     6
         Distracted        |       |       |     2 |       ||     2
 Armour: Robe              |    22 |    27 |     1 |       ||    50
         Skin              |       |     1 |       |       ||     1
         Leather armour    |       |       |    56 |    45 ||   101
  Dodge: Dodged            |    20 |    35 |    44 |    41 ||   140
  Block: Buckler           |       |       |     7 |    24 ||    31

Levels and vault maps discovered:
D:1:      kb_arrival_jail, layout_basic, hangedman_glass_garden
D:2:      layout_basic, serial_shops, shop, basic_altar,
          hangedman_decor_slide_cut, uniq_jessica
D:3:      layout_rooms, serial_shops, nicolae_shop_real_fake_doors,
          grunt_decor_junction, uniq_grinder
D:4:      layout_cave_pools, uniq_duvessa, uniq_natasha, uniq_menkaure,
          uniq_ijyb
D:5:      minmay_skewed_foursquare, layout_loops_ring, serial_shops, shop
D:6:      layout_layer_cave, slow_altar_1, minmay_temple_entry_wispy
D:7:      layout_basic, uniq_pikel
D:8:      layout_basic, erik_lair_island, serial_shops,
          nicolae_shop_tiny_statue_garden, nicolae_square_shop, shop_statue,
          nicolae_shop_peninsula, shop
Temple:   mainiacjoe_temple_big_plus
Lair:1:   layout_regular_city, gammafunk_lair_bear_cave

Notes
Turn   | Place    | Note
-------+----------+-------------------------------------------
     0 | D:1      | Zonian the Deep Elf Conjurer began the quest for the Orb.
     0 | D:1      | Reached XP level 1. HP: 10/10 MP: 6/6
     0 | D:1      | magus.rc [v1.9.6]
     2 | D:1      | Noticed a vampire
     2 | D:1      | Noticed a spriggan
     4 | D:1      | Noticed a vine stalker
     6 | D:1      | Noticed a draconian
     8 | D:1      | Noticed an octopode
     8 | D:1      | Noticed a gargoyle
    10 | D:1      | Noticed a meteoran
    10 | D:1      | Noticed a formicid
    12 | D:1      | Noticed a demonspawn
    12 | D:1      | Noticed an elf
    14 | D:1      | Noticed a tengu
    16 | D:1      | Noticed a ghoul
    16 | D:1      | Noticed an ogre
    18 | D:1      | Noticed a merfolk
    18 | D:1      | Noticed a minotaur
    20 | D:1      | Noticed a human
    20 | D:1      | Noticed a troll
    22 | D:1      | Noticed a demigod
    22 | D:1      | Noticed a felid
    24 | D:1      | Noticed a draconian
    24 | D:1      | Noticed a naga
    26 | D:1      | Noticed an elf
    26 | D:1      | Noticed an octopode
   168 | D:1      | Reached XP level 2. HP: 7/15 MP: 6/8
   497 | D:1      | Reached skill level 3 in Stealth
   743 | D:1      | Reached skill level 3 in Dodging
   879 | D:1      | Reached XP level 3. HP: 19/19 MP: 3/10
  1437 | D:2      | Noticed Jessica
  1471 | D:2      | Learned a level 2 spell: Searing Ray
  1475 | D:2      | Learned a level 3 spell: Dazzling Flash
  1491 | D:2      | HP: 4/19 [Jessica/+0 club (3)]
  1492 | D:2      | Killed Jessica
  1694 | D:2      | Found Gilust's Antique Weapon Shop.
  1707 | D:2      | Found a shadowy altar of Dithmenos.
  1714 | D:2      | Reached XP level 4. HP: 24/24 MP: 8/11
  1865 | D:2      | Reached skill level 1 in Hexes
  2185 | D:2      | Reached skill level 4 in Spellcasting
  2708 | D:3      | Noticed Grinder
  2712 | D:3      | Paralysed by Grinder for 3 turns
  3161 | D:3      | Found Sarureics's Jewellery Boutique.
  3228 | D:3      | Reached skill level 5 in Conjurations
  3405 | D:3      | You pick up a book of Conjurations {@e2} and begin
                  | reading...
  3820 | D:4      | Reached XP level 5. HP: 28/28 MP: 10/13
  3915 | D:4      | Noticed Menkaure
  3948 | D:4      | Reached skill level 4 in Stealth
  3949 | D:4      | Noticed Dowan
  3961 | D:4      | Noticed Duvessa
  4048 | D:4      | Reached skill level 2 in Hexes
  4116 | D:4      | Reached skill level 4 in Dodging
  4116 | D:4      | Reached XP level 6. HP: 32/32 MP: 9/15
  4256 | D:4      | Noticed Natasha
  4313 | D:4      | Reached skill level 1 in Translocations
  4441 | D:4      | Killed Natasha
  4477 | D:4      | Killed Duvessa
  4478 | D:4      | Reached skill level 5 in Spellcasting
  4490 | D:4      | Killed Dowan
  4491 | D:4      | Reached skill level 3 in Hexes
  4524 | D:4      | Reached XP level 7. HP: 14/36 MP: 12/16
  4573 | D:4      | Reached skill level 5 in Stealth
  4573 | D:4      | Reached skill level 2 in Translocations
  4824 | D:4      | Noticed Natasha
  4828 | D:4      | Killed Natasha
  4913 | D:4      | Killed Menkaure
  4914 | D:4      | Reached skill level 5 in Dodging
  4914 | D:4      | Reached skill level 6 in Conjurations
  4950 | D:4      | Noticed Ijyb
  4998 | D:5      | Entered Level 5 of the Dungeon
  5003 | D:5      | Reached skill level 4 in Hexes
  5124 | D:5      | Reached skill level 6 in Spellcasting
  5124 | D:5      | Reached skill level 3 in Translocations
  5124 | D:5      | Reached XP level 8. HP: 37/41 MP: 17/19
  5237 | D:5      | Learned a level 4 spell: Fulminant Prism
  5242 | D:5      | Learned a level 4 spell: Iskenderun's Mystic Blast
  5600 | D:5      | Found Niumesim's Distillery.
  5606 | D:5      | Bought a potion of heal wounds for 50 gold pieces
  5606 | D:5      | Bought a potion of curing for 30 gold pieces
  5774 | D:5      | You pick up a book of Air and begin reading...
  5774 | D:5      | You add the spells Shock, Swiftness and Airstrike to your
                  | library.
  5779 | D:5      | Learned a level 3 spell: Swiftness
  6508 | D:6      | Reached skill level 6 in Stealth
  6509 | D:6      | Reached skill level 1 in Air Magic
  6736 | D:6      | Found a snail-covered altar of Cheibriados.
  6961 | D:6      | Reached skill level 5 in Hexes
  7013 | D:6      | Found a staircase to the Ecumenical Temple.
  7028 | Temple   | Entered the Ecumenical Temple
  7057 | Temple   | Became a worshipper of Gozag Ym Sagoz the Greedy
  7182 | D:6      | Reached skill level 6 in Dodging
  7810 | D:7      | Reached skill level 1 in Short Blades
  7810 | D:7      | Reached skill level 4 in Translocations
  7810 | D:7      | Reached skill level 2 in Air Magic
  8009 | D:7      | Noticed Pikel
  8057 | D:7      | Killed Pikel
  8058 | D:7      | Reached skill level 7 in Spellcasting
  8058 | D:7      | Reached XP level 9. HP: 38/45 MP: 14/21
  8114 | D:7      | Reached skill level 7 in Stealth
  8122 | D:7      | Reached skill level 7 in Conjurations
  8125 | D:7      | Reached skill level 2 in Short Blades
  8272 | D:7      | Reached skill level 6 in Hexes
  8628 | D:7      | Reached skill level 3 in Air Magic
  8884 | D:7      | Reached skill level 7 in Dodging
  9121 | D:8      | Noticed a troll
  9248 | D:8      | Found a staircase to the Lair.
  9261 | D:8      | Found Zuqunuh's General Store.
  9270 | D:8      | Bought a scroll of fear for 60 gold pieces
  9301 | D:8      | Reached skill level 5 in Translocations
  9366 | D:8      | Reached skill level 3 in Short Blades
  9796 | D:8      | Killed a troll
  9851 | D:8      | Reached skill level 1 in Shields
  9851 | D:8      | Reached XP level 10. HP: 50/50 MP: 20/23
  9871 | D:8      | Found Rup Dex's Book Shoppe.
  9960 | D:8      | Reached skill level 8 in Spellcasting
 10020 | D:8      | HP: 11/50 [hornet (11)]
 10021 | D:8      | HP: 4/50 [hornet (3)]
 10267 | D:8      | Reached skill level 8 in Stealth
 10752 | D:8      | Found Habysuri's Assorted Antiques.
 10760 | D:8      | Bought a scroll labelled IFFOENUOGI for 24 gold pieces
 10760 | D:8      | Bought an encrusted bone ring for 120 gold pieces
 11013 | D:8      | Noticed a gargoyle
 11015 | D:8      | Killed a gargoyle
 11016 | D:8      | Reached skill level 7 in Hexes
 11028 | D:8      | Reached skill level 4 in Air Magic
 11215 | D:8      | Found Salenwuwk's Armour Shop.
 11288 | D:8      | Found Dotsapra's Jewellery Emporium.
 11395 | Lair:1   | Entered Level 1 of the Lair of Beasts
 11399 | Lair:1   | Noticed a cane toad
 11857 | Lair:1   | Noticed a cane toad
 12046 | Lair:1   | HP: 11/50 [blink frog (15)]
 12049 | Lair:1   | Reached skill level 8 in Conjurations
 12049 | Lair:1   | Slain by a cane toad

Vanquished Creatures
  Pikel (D:7)
  A gargoyle (D:8)
  A troll (D:8)
  A hornet (D:8)
  A blink frog (Lair:1)
  4 yaks
  Menkaure (D:4)
  A steam dragon (D:8)
  2 water moccasins (D:7)
  Duvessa (D:4)
  3 ice beasts
  A sky beast (D:6)
  3 ogres
  4 wolves (D:8)
  A lemure (D:7)
  A phantom (D:4)
  2 kobold brigands
  8 bullfrogs
  A scorpion (D:4)
  13 wights
  Dowan (D:4)
  5 killer bees (D:8)
  3 electric eels (D:8)
  2 jellies
  3 orc priests
  4 hounds
  Jessica (D:2)
  5 iguanas
  Natasha (twice) (D:4)
  A mummy (D:6)
  3 adders
  7 gnolls
  A shadow imp (D:5)
  4 ufetubi
  4 worms
  2 dart slugs
  20 orcs
  7 bats
  10 endoplasms
  6 giant cockroaches
  8 goblins
  6 hobgoblins
  20 kobolds
  2 quokkas (D:4)
  8 ball pythons
  2 frilled lizards (D:2)
  9 rats
  A butterfly (D:1)
198 creatures vanquished.

Table legend:
 A = Non-vault XP
 B = Vault XP
 C = Vault XP percentage of total XP
 D = Non-vault monster count
 E = Vault monster count
 F = Vault count percentage of total count
                 A         B        C        D         E       F
            +---------+---------+-------+---------+---------+-------
      Total |    6538 |    2056 |  23.9 |     178 |      18 |   9.2
            +---------+---------+-------+---------+---------+-------
        D:1 |      45 |       0 |   0.0 |      27 |       0 |   0.0
        D:2 |      64 |      37 |  36.6 |      24 |       1 |   4.0
        D:3 |      36 |       0 |   0.0 |      17 |       0 |   0.0
        D:4 |     572 |     428 |  42.8 |      26 |       4 |  13.3
        D:5 |     328 |      61 |  15.7 |      15 |       4 |  21.1
        D:6 |     906 |      18 |   1.9 |      18 |       1 |   5.3
        D:7 |    1296 |     673 |  34.2 |      18 |       1 |   5.3
        D:8 |    2524 |     839 |  24.9 |      29 |       7 |  19.4
     Lair:1 |     767 |       0 |   0.0 |       4 |       0 |   0.0
            +---------+---------+-------+---------+---------+-------

Skill      XL: |  1  2  3  4  5  6  7  8  9 10 |
---------------+-------------------------------+-----
Stealth        | 3 4 5 6 7 8 |  8.3
Dodging        | 3 4 5 6 7 |  7.7
Hexes          | 1 2 3 4 5 6 7 |  7.3
Spellcasting   | 4 5 6 7 8 |  8.5
Conjurations   | 5 6 7 8 |  8.0
Translocations | 1 3 4 5 |  5.7
Air Magic      | 2 3 4 |  4.2
Short Blades   | 1 3 |  3.9
Shields        | 1 |  1.9

Action                     |  1- 3 |  4- 6 |  7- 9 | 10-12 || total
---------------------------+-------+-------+-------+-------++-------
  Melee: Dagger            |     1 |    30 |    17 |    10 ||    58
         Punch             |       |     1 |       |       ||     1
  Throw: Throwing net      |       |       |       |     1 ||     1
   Cast: Magic Dart        |    68 |    83 |   172 |    20 ||   343
         Searing Ray       |     3 |    15 |    43 |    27 ||    88
         Dazzling Flash    |       |     1 |       |       ||     1
         Iskenderun's Myst |       |       |       |     2 ||     2
  Evoke: Wand              |       |       |     6 |     4 ||    10
    Use: Potion            |     1 |     2 |       |     3 ||     6
         Scroll            |       |    11 |     4 |    10 ||    25
   Stab: Sleeping          |     1 |     2 |     1 |     2 ||     6
         Distracted        |       |       |     2 |       ||     2
 Armour: Robe              |    22 |    27 |     1 |       ||    50
         Skin              |       |     1 |       |       ||     1
         Leather armour    |       |       |    56 |    45 ||   101
  Dodge: Dodged            |    20 |    35 |    44 |    41 ||   140
  Block: Buckler           |       |       |     7 |    24 ||    31

Illustrated notes

Table legend:
 A = Kills in this place as a percentage of kills in the entire game.
 B = Kills by you in this place as a percentage of kills by you in the entire game.
 C = Kills by friends in this place as a percentage of kills by friends in the entire game.
 D = Other kills in this place as a percentage of other kills in the entire game.
 E = Experience gained in this place as a percentage of experience gained in the entire game.
 F = Experience gained in this place divided by the number of levels of this place that you have seen.
                   A       B       C       D       E      F
               +-------+-------+-------+-------+-------+----------------------
         Total | 100.0 | 100.0 |   N/A |   N/A | 100.0 | 859.4
       Dungeon |  98.0 |  98.0 |   N/A |   N/A |  91.1 | 978.4
          Lair |   2.0 |   2.0 |   N/A |   N/A |   8.9 | 767.0
               +-------+-------+-------+-------+-------+----------------------

Table legend: (Time is in decaauts)
 A = Elapsed time spent in this place.
 B = Non-inter-level travel time spent in this place.
 C = Inter-level travel time spent in this place.
 D = Time resting spent in this place.
 E = Time spent auto-exploring this place.
 F = Levels seen in this place.
 G = Mean time per level.
                   A        B        C        D        E       F      G
               +--------+--------+--------+--------+--------+-----+--------+
         Total |  12059 |  11677 |    382 |   4266 |   5426 |  10 | 1205.9 |
       Dungeon |  11528 |  11168 |    360 |   3978 |   5426 |   8 | 1441.0 |
        Temple |     51 |     29 |     22 |      0 |      0 |   1 |   51.0 |
          Lair |    478 |    478 |      0 |    288 |      0 |   1 |  478.0 |
               +--------+--------+--------+--------+--------+-----+--------+

Top non-repeatable levels by time:
     D:8: 2378 daAuts
     D:2: 1636 daAuts
     D:6: 1518 daAuts
     D:7: 1400 daAuts
     D:5: 1233 daAuts
     D:1: 1216 daAuts
     D:3: 1102 daAuts
     D:4: 1042 daAuts
  Lair:1: 478 daAuts
  Temple: 51 daAuts
